 Dungeon Sprint DCSS version 0.18-a0-1426-g3b9a63c (webtiles) character file.

1077 chei the Polluter (level 8, -15/72 HPs)
             Began as a Naga Venom Mage on Feb 27, 2016.
             Was a Believer of Cheibriados.
             Killed from afar by a gargoyle (17 damage)
             ... with a stone arrow
             ... in the Dungeon (Sprint IX: "|||||||||||||||||||||||||||||").
             The game lasted 00:04:30 (861 turns).

chei the Polluter (Naga Venom Mage)                  Turns: 861, Time: 00:04:30

Health: -15/72     AC: 10    Str: 22    XL:     8   Next: 29%
Magic:  15/15      EV: 15    Int: 24    God:    Cheibriados [**....]
Gold:   0          SH:  0    Dex: 18    Spells: 2 memorised, 10 levels left

rFire  . . .     SeeInvis +     n - +2 scimitar (protect)
rCold  . . .     Gourm    .     a - +0 robe
rNeg   . . .     Faith    .     (no shield)
rPois  +         Spirit   .     p - +0 helmet
rElec  .         Dismiss  .     o - +0 cloak
rCorr  .         Reflect  .     (no gloves)
SustAt .         Harm     .     (no barding)
MR     +....     NoTele   +     (no amulet)
Stlth  +++.......               r - +3 ring of intelligence
                                q - +3 ring of strength

@: very slow, somewhat resistant to hostile enchantments, fairly stealthy
A: see invisible, deformed body, poison resistance, slowness 2, slow metabolism
1, spit poison 2, AC +2
a: Spit Poison, Bend Time, Renounce Religion


You were in the Dungeon.
You worshipped Cheibriados.
Cheibriados was pleased with you.
You were hungry.

You visited 1 branch

Inventory:

Hand Weapons
 d - a +0 dagger
 n - a +2 scimitar of protection (weapon)
Armour
 a - a +0 robe (worn)
 o - a +0 cloak (worn)
 p - a +0 helmet (worn)
Magical Staves
 m - an uncursed staff of energy
Jewellery
 q - a +3 ring of strength (left hand)
 r - a +3 ring of intelligence (right hand)
Wands
 l - a wand of acid (0/15)
Scrolls
 i - 3 scrolls of remove curse
 j - 2 scrolls of amnesia
 k - a scroll of blinking
Potions
 g - 4 potions of magic
 h - 3 potions of curing
Books
 b - a Young Poisoner's Handbook

   Spells                             Type                      Level
   a - Sting                          Conjuration/Poison           1
   b - Cure Poison                    Poison                       2
   c - Mephitic Cloud                 Conjuration/Poison/Air       3
   d - Olgreb's Toxic Radiance        Poison                       4
   e - Venom Bolt                     Conjuration/Poison           5
Comestibles
 c - a bread ration


   Skills:
 + Level 3.8 Fighting
 + Level 2.8 Short Blades
 + Level 7.4 Dodging
 - Level 4.4 Stealth
 + Level 4.7 Spellcasting
 + Level 3.4 Conjurations
 * Level 16.3 Poison Magic
 + Level 2.5 Evocations


You had 10 spell levels left.
You knew the following spells:

 Your Spells              Type           Power        Failure   Level  Hunger
a - Sting                 Conj/Pois      ####         1%          1    None
b - Venom Bolt            Conj/Pois      ######....   4%          5    #####..


Dungeon Overview and Level Annotations

Branches:
Dungeon (1/1)

Altars:
Cheibriados
Dithmenos
Elyvilon
Fedhas
Gozag
Kikubaaqudgha
Makhleb
Nemelex Xobeh
Okawaru
Pakellas
Qazlal
Ru
Sif Muna
Trog
Vehumet
Xom
Yredelemnul
Zin
The Shining One
Beogh
Jiyva
Lugonu


Innate Abilities, Weirdness & Mutations

You cannot wear boots.
Your serpentine skin is tough (AC +2).
You have supernaturally acute eyesight.
Armour fits poorly on your strangely shaped body.
Your system is resistant to poisons.
You cover ground very slowly.
You have a slow metabolism.
You can spit poison.


Message History

The gargoyle is heavily damaged.
The gargoyle hits you with a mace.
You hit the gargoyle but do no damage.
The gargoyle is heavily damaged.
The gargoyle hits you with a mace.
* * * LOW HITPOINT WARNING * * *
You completely miss the gargoyle.
The gargoyle is heavily damaged.
The gargoyle closely misses you.
You barely miss the gargoyle.
The gargoyle is heavily damaged.
The gargoyle hurls a stone arrow at you.
The stone arrow hits you!
* * * LOW HITPOINT WARNING * * *
The gargoyle completely misses you.
You hit the gargoyle.
The gargoyle is heavily damaged.
The gargoyle hurls a stone arrow at you.
The stone arrow hits you!
You die... ▓▓▓▓▓▓▓▓▓▓▓▓▓▓▓▓▓▓▓▓▓▓▓▓▓▓▓▓▓▓▓▓▓ ..'____________9@________'.....'. ▓▓▓▓▓▓▓▓▓▓▓▓▓▓▓▓▓▓▓▓▓▓▓▓▓▓▓▓▓▓▓▓▓

You could see a gargoyle.

Vanquished Creatures
  2 hill giants (D)
  A phantom (D)
  A crimson imp (D)
  A jelly (D)
  A worker ant (D)
  An adder zombie (D)
  A bat skeleton (D)
  A giant cockroach (D)
  A hobgoblin (D)
  A kobold (D)
  A giant cockroach zombie (D)
  A giant gecko skeleton (D)
  A goblin (D)
  A rat (D)
15 creatures vanquished.

Notes
Turn   | Place    | Note
--------------------------------------------------------------
     0 | D        | chei the Naga Venom Mage began the quest for the Orb.
     0 | D        | Reached XP level 1. HP: 15/15 MP: 3/3
     7 | D        | Reached skill level 6 in Poison Magic
    84 | D        | Noticed a jelly
    84 | D        | Noticed a phantom
    95 | D        | Killed a phantom
    95 | D        | Reached skill level 1 in Fighting
    95 | D        | Reached skill level 1 in Conjurations
    95 | D        | Reached skill level 10 in Poison Magic
    95 | D        | Reached XP level 2. HP: 6/25 MP: 4/6
    95 | D        | Reached XP level 3. HP: 7/31 MP: 4/7
    95 | D        | Reached XP level 4. HP: 8/38 MP: 4/8
   133 | D        | Found a glowing silver altar of Zin.
   133 | D        | Found a glowing golden altar of the Shining One.
   133 | D        | Found an ancient bone altar of Kikubaaqudgha.
   133 | D        | Found a basalt altar of Yredelemnul.
   133 | D        | Found a shimmering altar of Xom.
   133 | D        | Found a radiant altar of Vehumet.
   134 | D        | Found an iron altar of Okawaru.
   135 | D        | Found a burning altar of Makhleb.
   137 | D        | Found a deep blue altar of Sif Muna.
   138 | D        | Found a bloodstained altar of Trog.
   139 | D        | Found a sparkling altar of Nemelex Xobeh.
   141 | D        | Found a white marble altar of Elyvilon.
   142 | D        | Found a roughly hewn altar of Beogh.
   143 | D        | Found a viscous altar of Jiyva.
   144 | D        | Found a corrupted altar of Lugonu.
   146 | D        | Found a blossoming altar of Fedhas.
   147 | D        | Found a snail-covered altar of Cheibriados.
   148 | D        | Found a shadowy altar of Dithmenos.
   149 | D        | Found a stormy altar of Qazlal.
   150 | D        | Found an opulent altar of Gozag.
   151 | D        | Found a sacrificial altar of Ru.
   153 | D        | Found an oddly glowing altar of Pakellas.
   159 | D        | Reached XP level 5. HP: 16/44 MP: 4/9
   367 | D        | Became a worshipper of Cheibriados the Contemplative
   493 | D        | Noticed a gargoyle
   493 | D        | Noticed a hill giant
   493 | D        | Noticed a hill giant
   503 | D        | Killed a hill giant
   503 | D        | Reached * piety under Cheibriados
   503 | D        | Reached skill level 14 in Poison Magic
   503 | D        | Reached XP level 6. HP: 18/56 MP: 9/12
   503 | D        | Reached XP level 7. HP: 19/62 MP: 9/13
   504 | D        | Killed a hill giant
   504 | D        | Reached ** piety under Cheibriados
   504 | D        | Reached skill level 16 in Poison Magic
   504 | D        | Reached XP level 8. HP: 8/72 MP: 9/15
   731 | D        | Learned a level 5 spell: Venom Bolt
   860 | D        | HP: 1/72 [gargoyle/stone arrow (17)]
   861 | D        | Killed from afar by a gargoyle

Vault maps used:
D:        linesprint

Skill      XL: |  1  2  3  4  5  6  7 |
---------------+----------------------+-----
Poison Magic   | 10 14 16 | 16.3
Fighting       | 1 3 |  3.8
Dodging        | 3 6 7 |  7.4
Stealth        | 4 |  4.4
Spellcasting   | 3 4 |  4.7
Conjurations   | 1 2 3 |  3.4
Short Blades   | 2 |  2.8
Evocations     | 2 |  2.5

Action                   |  1- 3 |  4- 6 |  7- 9 || total
-------------------------+-------+-------+-------++-------
Melee: Dagger            |    10 |    11 |       ||    21
       Unarmed           |     9 |       |       ||     9
       Scimitar          |       |       |    25 ||    25
 Cast: Sting             |     2 |     8 |       ||    10
 Abil: Spit Poison       |     3 |     9 |     1 ||    13
Evoke: Wand              |       |     4 |     3 ||     7
  Use: Potion            |     3 |     1 |     4 ||     8
       Scroll            |       |     1 |       ||     1
